 Dungeon Crawl Stone Soup version 0.19.1 (webtiles) character file.

305 dvd the Gusty (level 6, -1/36 HPs)
             Began as a High Elf Air Elementalist on Dec 28, 2016.
             Slain by an ogre
             ... wielding a +0 giant club
              (19 damage)
             ... on level 4 of the Dungeon.
             The game lasted 00:11:03 (4056 turns).

dvd the Gusty (High Elf Air Elementalist)           Turns: 4056, Time: 00:11:04

Health: -1/36      AC: 15    Str:  7    XL:     6   Next: 15%
Magic:  0/13       EV: 11    Int: 21    God:
Gold:   151        SH:  0    Dex: 16    Spells: 3 memorised, 8 levels left

rFire  + . .     SeeInvis .     u - +1 dagger (protect)
rCold  . . .     Gourm    .     n - +0 ring mail {rF+}
rNeg   . . .     Faith    .     (no shield)
rPois  .         Spirit   .     A - +0 helmet
rElec  .         Reflect  .     (no cloak)
rCorr  .         Harm     .     (no gloves)
MR     .....                    d - +1 pair of boots
Stlth  ++........               v - amulet of rage
                                (no ring)
                                (no ring)

@: protection aura, very slightly contaminated, repel missiles
A: no striking features
a: Evoke Berserk Rage


You were on level 4 of the Dungeon.
You were not hungry.

You visited 1 branch of the dungeon, and saw 4 of its levels.

You collected 151 gold pieces.

Inventory:

Hand Weapons
 u - a +1 dagger of protection (weapon)
Armour
 d - a +1 pair of boots (worn)
 e - a +0 robe
 n - a +0 ring mail of fire resistance (worn)
 A - a +0 helmet (worn)
Jewellery
 o - an uncursed amulet of guardian spirit
 v - an amulet of rage (around neck)
Wands
 m - a wand of lightning (8/15)
Scrolls
 f - a scroll of immolation {unknown}
 j - a scroll of amnesia {unknown}
 l - a scroll of enchant armour {unknown}
 p - 3 scrolls of teleportation {unknown}
 q - 2 scrolls of remove curse
 r - a scroll of magic mapping {unknown}
 t - a scroll of blinking {unknown}
 w - a scroll of random uselessness {unknown}
 x - 2 scrolls of identify {unknown}
 y - a scroll of recharging {unknown}
Potions
 h - 2 potions of flight {unknown}
 i - a potion of might {unknown}
 k - a potion of invisibility {unknown}
 s - 2 potions of curing {unknown}
Books
 b - a book of Air

   Spells                             Type                      Level
   a - Shock                          Conjuration/Air              1
   b - Swiftness                      Charms/Air                   2
   c - Repel Missiles                 Charms/Air                   2
   d - Static Discharge               Conjuration/Air              3
   e - Lightning Bolt                 Conjuration/Air              5
Comestibles
 a - 8 fruits
 c - 2 bread rations
 g - a beef jerky
 z - a chunk of flesh


   Skills:
 + Level 1.0 Short Blades
 + Level 0.8 Armour
 + Level 3.1 Dodging
 + Level 2.9 Stealth
 + Level 4.6 Spellcasting
 + Level 2.9 Conjurations
 + Level 5.0 Air Magic


You had 8 spell levels left.
You knew the following spells:

 Your Spells              Type           Power        Failure   Level  Hunger
a - Shock                 Conj/Air       ###.         10%         1    None
b - Repel Missiles        Chrm/Air       ###...       21%         2    #......
c - Static Discharge      Conj/Air       ###.....     24%         3    ##.....


Dungeon Overview and Level Annotations

Branches:
Dungeon (4/15)
 Temple: D:4-7

Altars:
Ashenzari
Fedhas

Annotations:
D:4 1 runed door


Message History

Confirm with . or Enter, or press ? or * to list all spells.
Aiming: Shock
Press: ? - help, Shift-Dir - straight line, f/p - ogre
Aim: an ogre, wielding a giant club (heavily wounded)
The zap hits the ogre.
The ogre is severely wounded.
Casting: Shock
Confirm with . or Enter, or press ? or * to list all spells.
Aiming: Shock
Press: ? - help, Shift-Dir - straight line, f/p - ogre
Aim: an ogre, wielding a giant club (severely wounded)
The zap hits the ogre.
The ogre is almost dead.
The ogre hits you with a giant club!
You hit the ogre but do no damage.
Your weapon exudes an aura of protection.
The ogre is almost dead.
The ogre hits you with a giant club!!
Ouch! That really hurt!
You die...

.......
.......
##.......
#........
#........
#.# #.#
#O# #@#
#.# #.###
#...# ###
###.# #..
#.# #.#
#.# #.#
#.#


You could see an ogre.

Vanquished Creatures
  A necrophage (D:3)
  A howler monkey (D:4)
  An orc priest (D:3)
  Robin (D:4)
  A gnoll (D:1)
  4 adders
  An ooze (D:1)
  2 worms
  2 dart slugs (D:1)
  2 leopard geckos (D:1)
  3 orcs (D:3)
  2 giant cockroaches (D:1)
  8 hobgoblins
  9 jackals
  5 kobolds
  2 quokkas (D:3)
  A ball python (D:4)
  8 bats
  2 frilled lizards
  15 goblins
  8 rats
79 creatures vanquished.

Notes
Turn   | Place    | Note
-------+----------+-------------------------------------------
     0 | D:1      | dvd the High Elf Air Elementalist began the quest for the Orb.
     0 | D:1      | Reached XP level 1. HP: 11/11 MP: 4/4
   261 | D:1      | Reached skill level 4 in Air Magic
   344 | D:1      | Reached XP level 2. HP: 17/17 MP: 0/6
   642 | D:1      | Reached XP level 3. HP: 21/21 MP: 8/8
   799 | D:1      | Learned a level 2 spell: Repel Missiles
   955 | D:1      | Learned a level 3 spell: Static Discharge
  1658 | D:2      | Reached XP level 4. HP: 27/27 MP: 2/10
  2583 | D:3      | Found a blossoming altar of Fedhas.
  2613 | D:3      | Found a shattered altar of Ashenzari.
  2808 | D:3      | Noticed a necrophage
  2827 | D:3      | Killed a necrophage
  2827 | D:3      | Reached skill level 1 in Short Blades
  2827 | D:3      | Reached XP level 5. HP: 29/31 MP: 4/12
  3576 | D:4      | Found a runed door.
  3684 | D:4      | Noticed Robin
  3718 | D:4      | Killed Robin
  3864 | D:4      | Reached skill level 5 in Air Magic
  3864 | D:4      | Reached XP level 6. HP: 35/36 MP: 9/13
  4056 | D:4      | Slain by an ogre

Skill      XL: |  1  2  3  4  5 |
---------------+----------------+-----
Air Magic      | 4 5 |  5.0
Spellcasting   | 3 4 |  4.6
Short Blades   | 1 |  1.0
Conjurations   | 2 |  2.9
Dodging        | 3 |  3.1
Armour         | |  0.8
Stealth        | |  2.9

Action                   |  1- 3 |  4- 6 || total
-------------------------+-------+-------++-------
Melee: Unarmed           |     2 |       ||     2
       Dagger            |    27 |    93 ||   120
 Cast: Shock             |    90 |    68 ||   158
       Static Discharge  |     1 |     5 ||     6
       Repel Missiles    |     1 |       ||     1
  Use: Scroll            |       |     2 ||     2
 Stab: Sleeping          |     2 |     2 ||     4
  Eat: Chunk             |     2 |     8 ||    10
Armor: Robe              |    19 |       ||    19
       Ring mail         |       |    50 ||    50
Dodge: Dodged            |    48 |    66 ||   114
